[Event "Titled Tuesday Blitz March 21 Late 2023"]
[White "Grigoriants, Sergey"]
[Black "Kakabayev, Mergen"]
[WhiteFideId "4130804"]
[BlackFideId "14002990"]
[WhiteElo "2502"]
[BlackElo "2259"]
[Result "1-0"]
[Round "02"]
[TimeControl "180+2"]
[Date "2023.03.21"]
[WhiteClock "0:01:30"]
[BlackClock "0:01:51"]

1. d4 d5 2. c4 c6 3. Nf3 Nf6 4. Nc3 e6 5. e3 Nbd7 6. Qc2 Bd6 7. Bd3 dxc4 8. Bxc4 b5 9. Be2 Bb7 10. O-O a6 11. Rd1 Qe7 12. e4 e5 13. dxe5 Nxe5 14. Nd4 g6 15. f4 Bc5 16. fxe5 Qxe5 17. Be3 O-O-O 18. Qd3 Rxd4 19. Bxd4 Rd8 20. Qh3+ Kb8 21. Bxc5 Qxc5+ 22. Kh1 Rxd1+ 23. Rxd1 b4 24. Na4 Qc2 25. Qg3+ Ka8 26. Rd8+ Ka7 27. Qb8# 1-0


[Site "https://www.chess.com"]

[Event "Titled Tuesday Blitz March 21 Late 2023"]
[White "Vlassov, Nikolai"]
[Black "Indjic, Aleksandar"]
[WhiteFideId "4103360"]
[BlackFideId "911925"]
[WhiteElo "2324"]
[BlackElo "2614"]
[Result "1-0"]
[Round "02"]
[TimeControl "180+2"]
[Date "2023.03.21"]
[WhiteClock "0:00:12"]
[BlackClock "0:00:51"]

1. e4 e5 2. Bc4 Nf6 3. d3 Nc6 4. Nf3 h6 5. O-O d6 6. Re1 g5 7. Nfd2 g4 8. Nf1 Rg8 9. Nc3 h5 10. Ne3 Be6 11. Ncd5 h4 12. c3 Bxd5 13. Nxd5 Nxd5 14. Bxd5 Qd7 15. Qb3 Nd8 16. d4 c6 17. Bc4 g3 18. fxg3 hxg3 19. h3 Bg7 20. Be3 Ne6 21. Bxe6 fxe6 22. d5 exd5 23. exd5 c5 24. Qc4 Bf6 25. b4 cxb4 26. cxb4 Ke7 27. Rf1 Raf8 28. Qe4 Rf7 29. Bxa7 Rh8 30. Be3 Ke8 31. Qg6 Qe7 32. Rf5 Rf8 33. Raf1 e4 34. Rxf6 1-0


[Site "https://www.chess.com"]

[Event "Titled Tuesday Blitz March 21 Late 2023"]
[White "Sjugirov, Sanan"]
[Black "Gontcharov, Vladislav"]
[WhiteFideId "4189302"]
[BlackFideId "4123492"]
[WhiteElo "2569"]
[BlackElo "2470"]
[Result "1-0"]
[Round "02"]
[TimeControl "180+2"]
[Date "2023.03.21"]
[WhiteClock "0:00:30"]
[BlackClock "0:00:06"]

1. e4 e6 2. d4 d5 3. e5 c5 4. c3 Nc6 5. Nf3 Nge7 6. Na3 cxd4 7. cxd4 Nf5 8. Nc2 Nh4 9. Nxh4 Qxh4 10. Be3 Bd7 11. a3 Rc8 12. Bd3 Na5 13. O-O Nc4 14. Bc1 Ba4 15. g3 Qd8 16. Qg4 h5 17. Qf4 g5 18. Qf3 Bxc2 19. Bxc2 Nxe5 20. dxe5 Rxc2 21. Qb3 Rc7 22. Qa4+ Qd7 23. Qxa7 Be7 24. Be3 O-O 25. Rac1 Rfc8 26. Rxc7 Rxc7 27. Qd4 Qb5 28. Qd2 g4 29. Bg5 Bf8 30. Bd8 Rc4 31. Qg5+ Kh7 32. Qxh5+ Kg8 33. Bf6 1-0


[Site "https://www.chess.com"]

[Event "Titled Tuesday Blitz March 21 Late 2023"]
[White "Alex_Sahakyan2006"]
[Black "Gholami Orimi, Mahdi"]
[BlackFideId "12558486"]
[WhiteElo "2626"]
[BlackElo "2363"]
[Result "0-1"]
[Round "02"]
[TimeControl "180+2"]
[Date "2023.03.21"]
[WhiteClock "0:01:07"]
[BlackClock "0:00:53"]

1. e4 e5 2. Nf3 Nc6 3. d4 exd4 4. Nxd4 Nf6 5. Nc3 Bb4 6. Nxc6 bxc6 7. Bd3 O-O 8. O-O d5 9. exd5 cxd5 10. h3 c6 11. Qf3 h6 12. Ne2 Bd6 13. Nd4 Bd7 14. Nf5 Bxf5 15. Qxf5 Re8 16. Bf4 g6 17. Bxd6 gxf5 18. Bf4 Kg7 19. Bxf5 Ne4 20. f3 Nd6 21. Bd3 Nc4 22. b3 Qf6 23. Bg3 Ne3 24. Rfe1 Nf5 25. Bf2 a5 26. a4 Nd6 27. Bg3 Rxe1+ 28. Rxe1 Re8 29. Rd1 Nf5 30. Bf2 Qg5 31. Bb6 Nh4 32. Bd4+ Kg8 0-1


[Site "https://www.chess.com"]

[Event "Titled Tuesday Blitz March 21 Late 2023"]
[White "Kramnik, Vladimir"]
[Black "Srinath, Rao S.V."]
[WhiteFideId "4101588"]
[BlackFideId "5028876"]
[WhiteElo "2712"]
[BlackElo "2196"]
[Result "1-0"]
[Round "02"]
[TimeControl "180+2"]
[Date "2023.03.21"]
[WhiteClock "0:00:28"]
[BlackClock "0:00:16"]

1. Nf3 Nf6 2. g3 g6 3. b3 Bg7 4. Bb2 O-O 5. Bg2 d6 6. c4 c5 7. O-O Nc6 8. d4 Ne4 9. e3 Bg4 10. h3 Bxf3 11. Bxf3 Ng5 12. Bxc6 bxc6 13. h4 Ne6 14. Qd2 cxd4 15. exd4 d5 16. Rd1 h5 17. Na3 Qd7 18. Rac1 Rfc8 19. Nc2 Rab8 20. Ne3 Nc7 21. Qe2 e6 22. Ba3 Ne8 23. Bc5 Nf6 24. f3 Bh6 25. Rc3 Qc7 26. Kg2 Nd7 27. cxd5 cxd5 28. b4 Nb6 29. f4 Bg7 30. Rdc1 Na4 31. R3c2 Nxc5 32. Rxc5 Qb7 33. Qd2 Rxc5 34. bxc5 Qb2 35. Qxb2 Rxb2+ 36. Rc2 Rb8 37. Rd2 Rb4 38. Nc2 Rc4 39. Kf2 Kf8 40. Ke2 Ke7 41. Kd3 Kd7 42. Rd1 Kc7 43. Rb1 Ra4 44. a3 Rc4 45. Rb4 Rxb4 46. axb4 Kc6 47. Na3 a6 48. Kc3 f6 49. Nc2 e5 50. f5 gxf5 51. Ne3 f4 52. gxf4 exf4 53. Nf5 Bf8 54. Kd3 Kb5 55. Ke2 Kxb4 56. c6 1-0


[Site "https://www.chess.com"]

[Event "Titled Tuesday Blitz March 21 Late 2023"]
[White "Barbosa, Evandro Amorim"]
[Black "Zierk, Steven"]
[WhiteFideId "2115824"]
[BlackFideId "2034255"]
[WhiteElo "2439"]
[BlackElo "2494"]
[Result "0-1"]
[Round "02"]
[TimeControl "180+2"]
[Date "2023.03.21"]
[WhiteClock "0:00:27"]
[BlackClock "0:01:09"]

1. e4 e6 2. d3 d5 3. Qe2 dxe4 4. dxe4 e5 5. Nf3 Nc6 6. c3 Nf6 7. Qc2 Bc5 8. Bb5 Bd7 9. O-O Qe7 10. Bg5 h6 11. Bh4 a6 12. Ba4 O-O 13. Nbd2 Rad8 14. Rfe1 Nb8 15. Bb3 Bg4 16. h3 Bh5 17. g4 Bg6 18. Nf1 Nbd7 19. Ng3 Rfe8 20. Nf5 Bxf5 21. gxf5 Ba7 22. Kh2 Nc5 23. Rg1 Rd3 24. Qe2 Nxb3 25. axb3 Red8 26. Rg2 Kh7 27. Rag1 Qf8 28. Nxe5 Rd2 29. Rxg7+ Qxg7 30. Rxg7+ Kxg7 31. Qf3 R8d6 32. Nc4 Nd7 33. Nxd2 Rxd2 34. f6+ Kf8 35. Qf4 Rxb2 36. Qxc7 Bb8 0-1


[Site "https://www.chess.com"]

[Event "Titled Tuesday Blitz March 21 Late 2023"]
[White "Volkov, Maksim"]
[Black "Vasquez Schroeder, Rodrigo"]
[WhiteFideId "54123070"]
[BlackFideId "3400042"]
[WhiteElo "2312"]
[BlackElo "2600"]
[Result "0-1"]
[Round "02"]
[TimeControl "180+2"]
[Date "2023.03.21"]
[WhiteClock "0:00:11"]
[BlackClock "0:00:16"]

1. d4 d5 2. c4 c6 3. Nf3 Nf6 4. g3 dxc4 5. Bg2 g6 6. a4 Bg7 7. Na3 a5 8. Nxc4 Na6 9. O-O O-O 10. Re1 Be6 11. b3 Bd5 12. Ba3 Nb4 13. Qc1 Ne4 14. Nfe5 Nd6 15. e4 Bxc4 16. bxc4 c5 17. Bxb4 axb4 18. Qc2 cxd4 19. Nd3 Rc8 20. c5 b6 21. c6 b3 22. Qxb3 Rxc6 23. Red1 Rc3 24. Qb4 e5 25. Rab1 Nc4 26. Bf1 Re8 27. Rbc1 Bf8 28. Qb5 Nd6 29. Qb2 Nxe4 30. Re1 Rxc1 31. Qxc1 f5 32. f3 Nc3 33. Nxe5 Bc5 34. Kg2 Kg7 35. h4 Nd5 36. Nc4 Ne3+ 37. Nxe3 Rxe3 38. Rxe3 dxe3 39. Qc3+ Kh6 40. f4 Qd5+ 41. Kh2 Qa2+ 42. Kh3 e2 43. Bg2 Qb1 44. Qf6 e1=Q 45. Kh2 Qg1+ 46. Kh3 Qxg2+ 47. Kxg2 Qc2+ 48. Kh3 Qd1 49. Qg5+ Kg7 50. Kh2 Qe2+ 51. Kh3 Qf1+ 52. Kh2 Bg1+ 53. Kh1 Bf2+ 54. Kh2 Qg1+ 55. Kh3 Qh1# 0-1


[Site "https://www.chess.com"]

[Event "Titled Tuesday Blitz March 21 Late 2023"]
[White "Kozak, Adam"]
[Black "Fecker, Noah"]
[WhiteFideId "753246"]
[BlackFideId "1334263"]
[WhiteElo "2469"]
[BlackElo "2291"]
[Result "1-0"]
[Round "02"]
[TimeControl "180+2"]
[Date "2023.03.21"]
[WhiteClock "0:01:49"]
[BlackClock "0:00:53"]

1. d4 Nf6 2. c3 g6 3. Nd2 d5 4. Ngf3 Bg7 5. Nb3 O-O 6. g3 b6 7. Bg2 Bb7 8. O-O Nbd7 9. a4 a6 10. Bf4 c5 11. Ne5 Rc8 12. Re1 Ne4 13. Nxd7 Qxd7 14. a5 c4 15. Nd2 b5 16. Nxe4 dxe4 17. Qd2 Rfd8 18. Qe3 Qf5 19. f3 exf3 20. exf3 e6 21. Be5 Bxe5 22. Qxe5 Qxe5 23. Rxe5 Rd6 24. f4 Bxg2 25. Kxg2 f6 26. Re2 Kf7 27. g4 h6 28. Rae1 Rc7 29. f5 exf5 30. gxf5 gxf5 31. Kf3 b4 32. Ra1 Rd5 33. Ra4 bxc3 34. bxc3 Rb5 35. Kf4 Rb3 36. Re3 Rb2 37. h3 Rf2+ 38. Rf3 Rxf3+ 39. Kxf3 Ke6 40. Rb4 Kd5 41. Rb6 Rc6 42. Rxc6 Kxc6 43. Kf4 Kb5 44. Kxf5 Kxa5 45. d5 Kb6 46. Kxf6 Kc5 47. Ke6 a5 48. d6 a4 49. d7 1-0


[Site "https://www.chess.com"]

[Event "Titled Tuesday Blitz March 21 Late 2023"]
[White "Panesso Rivera, Henry"]
[Black "Fressinet, Laurent"]
[WhiteFideId "4402707"]
[BlackFideId "608742"]
[WhiteElo "2345"]
[BlackElo "2633"]
[Result "1-0"]
[Round "02"]
[TimeControl "180+2"]
[Date "2023.03.21"]
[WhiteClock "0:00:14"]
[BlackClock "0:01:27"]

1. Nf3 g6 2. e4 Bg7 3. d4 d6 4. Bc4 a6 5. Bb3 e6 6. O-O Ne7 7. Re1 b6 8. a4 Nd7 9. a5 b5 10. c4 bxc4 11. Bxc4 O-O 12. Nc3 Bb7 13. h3 h6 14. Bf4 Kh7 15. Bh2 Rb8 16. Qd3 Nc6 17. Ra4 e5 18. d5 Nc5 19. Qc2 Nd4 20. Qd1 Nxa4 21. Qxa4 Nxf3+ 22. gxf3 Bc8 23. b4 Bxh3 24. Bxa6 h5 25. Kh1 Qf6 26. Be2 Bh6 27. Rg1 Bf4 28. Bg3 Bd2 29. Na2 h4 30. Bh2 Bf4 31. a6 Bxh2 32. Kxh2 Bc8 33. b5 Qf4+ 34. Kh1 Qd2 35. Nc1 Bd7 36. Rd1 Qb2 37. a7 Ra8 38. Kg1 Qc2 39. Qxc2 1-0


[Site "https://www.chess.com"]

[Event "Titled Tuesday Blitz March 21 Late 2023"]
[White "Brodowski, Piotr"]
[Black "Svane, Frederik"]
[WhiteFideId "1124480"]
[BlackFideId "12923044"]
[WhiteElo "2351"]
[BlackElo "2502"]
[Result "0-1"]
[Round "02"]
[TimeControl "180+2"]
[Date "2023.03.21"]
[WhiteClock "0:00:07"]
[BlackClock "0:00:11"]

1. c4 e6 2. Nc3 d5 3. d4 c6 4. Nf3 dxc4 5. e4 b5 6. a4 Bb4 7. Be2 Nf6 8. Qc2 O-O 9. O-O Bb7 10. Bg5 h6 11. Bh4 Be7 12. axb5 cxb5 13. Bxf6 Bxf6 14. Nxb5 a6 15. Nc3 Nc6 16. Rfd1 Nxd4 17. Nxd4 Bxd4 18. Bxc4 Qf6 19. Qe2 Rfc8 20. Na4 Qxf2+ 21. Qxf2 Bxf2+ 22. Kxf2 Rxc4 23. Nb6 Rc2+ 24. Ke3 Rb8 25. Rd2 Rxd2 26. Kxd2 Bxe4 27. Rxa6 Bxg2 28. b4 e5 29. Ke1 Bc6 30. Nc4 Bb5 31. Rb6 Rxb6 32. Nxb6 f6 33. Nc8 Kf8 34. Nd6 Bd7 35. Kf2 Ke7 36. Ne4 Bc6 37. Ng3 Ke6 38. h4 g6 39. Ne2 f5 40. Nc3 g5 41. hxg5 hxg5 42. b5 Bb7 43. b6 Kd6 44. Ke3 Kc5 45. Na4+ Kb5 46. Nb2 f4+ 47. Kf2 e4 48. Ke2 Kxb6 49. Nc4+ Kc5 50. Ne5 Kd4 51. Nf7 f3+ 52. Kf2 e3+ 53. Kf1 Ba6+ 0-1


[Site "https://www.chess.com"]

[Event "Titled Tuesday Blitz March 21 Late 2023"]
[White "Ibarra Jerez, Jose Carlos"]
[Black "Melikyan, Gnel"]
[WhiteFideId "2226332"]
[BlackFideId "54109990"]
[WhiteElo "2638"]
[BlackElo "2138"]
[Result "1/2-1/2"]
[Round "02"]
[TimeControl "180+2"]
[Date "2023.03.21"]
[WhiteClock "0:00:03"]
[BlackClock "0:00:07"]

1. e4 c6 2. Nf3 d5 3. d3 dxe4 4. dxe4 Qxd1+ 5. Kxd1 Nf6 6. Nbd2 Nbd7 7. Bc4 Nc5 8. Re1 Be6 9. Bxe6 Nxe6 10. a4 g6 11. c3 Bg7 12. Kc2 O-O 13. Nc4 Rfd8 14. Nfe5 Nd7 15. Nxd7 Rxd7 16. Be3 c5 17. f4 Rc8 18. f5 gxf5 19. exf5 Nd4+ 20. cxd4 cxd4 21. Kb3 dxe3 22. Rxe3 Rd4 23. Rc1 a6 24. a5 Bf6 25. Rg3+ Kf8 26. Rc2 Rd5 27. Rf3 Rb5+ 28. Ka4 Bxb2 29. g4 Bf6 30. Rb3 Rcc5 31. Rb4 Rxa5+ 32. Nxa5 Rxc2 33. Nxb7 Ra2+ 34. Kb3 Rxh2 35. Nc5 Rb2+ 36. Kc4 Rc2+ 37. Kd5 a5 38. Ra4 Rg2 39. Rf4 Kg7 40. Kc4 Be5 41. Re4 Bd6 42. Na4 Ra2 43. Kb5 Bb4 44. Nb6 Rb2 45. Ka4 Kf6 46. Nd5+ Kg5 47. Nxe7 Bc3 48. Nd5 Bd2 49. Rd4 f6 50. Re4 h6 51. Re8 Bb4 52. Rg8+ Kh4 53. Nxf6 Ra2+ 54. Kb3 Ra3+ 55. Kc4 Rg3 56. Rg6 h5 57. Rh6 Kg5 58. Nxh5 Kxh6 59. Nxg3 Kg5 60. Ne4+ Kxg4 61. f6 Kf5 62. Nc5 Kxf6 63. Nb3 Ke5 64. Nxa5 1/2-1/2


[Site "https://www.chess.com"]

[Event "Titled Tuesday Blitz March 21 Late 2023"]
[White "Taboas Rodriguez, Daniel"]
[Black "Drygalov, Sergey"]
[WhiteFideId "2208466"]
[BlackFideId "24171743"]
[WhiteElo "2365"]
[BlackElo "2533"]
[Result "1-0"]
[Round "02"]
[TimeControl "180+2"]
[Date "2023.03.21"]
[WhiteClock "0:00:42"]
[BlackClock "0:00:06"]

1. d4 Nf6 2. Nf3 d5 3. c4 c6 4. cxd5 cxd5 5. Nc3 Nc6 6. Bf4 a6 7. Rc1 Bg4 8. Ne5 Bd7 9. e3 e6 10. Bd3 Be7 11. O-O O-O 12. Qf3 Nxe5 13. Bxe5 Rc8 14. Qh3 g6 15. Qh6 Re8 16. f4 Bf8 17. Qh4 Bg7 18. g4 Bc6 19. g5 Nh5 20. Be2 Bxe5 21. fxe5 Ng7 22. Rf6 Nf5 23. Qf4 b5 24. b4 a5 25. a3 axb4 26. axb4 Qe7 27. Rb1 Ra8 28. Bg4 Ra3 29. Bxf5 Rxc3 30. Bg4 Bd7 31. h4 Rc4 32. Rf1 Rf8 33. h5 Rxb4 34. hxg6 hxg6 35. Kg2 Rb2+ 36. Kf3 b4 37. Rh1 Bb5 38. Qg3 Bd3 39. Kf4 Be4 40. Bf3 Bxf3 41. Qxf3 Kg7 42. Qh3 Rg8 43. Qh6# 1-0


[Site "https://www.chess.com"]

[Event "Titled Tuesday Blitz March 21 Late 2023"]
[White "Chigaev, Maksim"]
[Black "Mihajlov, Sebastian"]
[WhiteFideId "4108116"]
[BlackFideId "1512110"]
[WhiteElo "2547"]
[BlackElo "2464"]
[Result "1/2-1/2"]
[Round "02"]
[TimeControl "180+2"]
[Date "2023.03.21"]
[WhiteClock "0:00:03"]
[BlackClock "0:00:20"]

1. d4 Nf6 2. c4 b6 3. Nf3 Bb7 4. Nbd2 d6 5. g3 g6 6. Bg2 Bg7 7. O-O O-O 8. b3 Nbd7 9. Bb2 e6 10. Qc2 a6 11. e4 h6 12. Rfe1 Qe7 13. e5 dxe5 14. dxe5 Nh7 15. h4 Rfd8 16. Ne4 Bxe4 17. Rxe4 Nc5 18. Re3 Qd7 19. Nd4 Rac8 20. Rd1 a5 21. Ree1 Qe8 22. Nc6 Rxd1 23. Rxd1 Nf8 24. a3 Ncd7 25. Qd3 Nc5 26. Qe3 Nfd7 27. b4 axb4 28. axb4 Na4 29. Ba3 Nb8 30. b5 Bf8 31. Nxb8 Rxb8 32. Bc6 Qc8 33. Bxf8 Qxf8 34. Rd7 Rd8 35. Rxc7 Nc5 36. Ra7 Kg7 37. Qf4 Kg8 38. Qf6 h5 39. Kg2 Rc8 40. Kh2 Qg7 41. Qe7 Qf8 42. Qd6 Rd8 43. Qxf8+ Kxf8 44. Ra8 Rxa8 45. Bxa8 Ke7 46. f4 Nd3 47. Bf3 Kd7 48. Kg2 Nc5 49. Kf2 Kc7 50. Ke3 Kd7 51. Kd4 Ke7 52. Bc6 Kd8 53. Bf3 Ke7 54. Bd1 Kd8 55. g4 hxg4 56. Bxg4 Ke7 57. h5 gxh5 58. Bxh5 Kf8 59. Bg4 Ke7 60. f5 Kd7 61. f6 Ke8 62. Bd1 Kd7 63. Bf3 Ke8 64. Ke3 Kf8 65. Be4 Kg8 66. Bc2 Kf8 67. Kf4 Kg8 68. Kg5 Kf8 69. Kf4 Ke8 70. Be4 Kd8 71. Bc6 Nd3+ 72. Ke4 Nc5+ 73. Ke3 Nb3 74. Kd3 Nc5+ 75. Kc3 Na4+ 76. Kd4 Nc5 77. Ke3 Nb3 78. Be4 Nc5 79. Bc2 Ke8 80. Bd1 Kf8 81. Bf3 Nd7 82. Kd4 Nc5 83. Bc6 Nb3+ 84. Kc3 Nc5 85. Kd4 Nb3+ 86. Ke3 Nc5 87. Bf3 Nb3 88. Be4 Nc5 89. Kd4 Ke8 90. Bc2 Kd7 91. Bd1 Ke8 92. Kc3 Ne4+ 93. Kd3 Nc5+ 94. Ke3 Kd7 95. Bc2 Ke8 96. Kf4 Kf8 97. Kg5 Nd7 98. Kf4 Nc5 99. Ke3 Ke8 1/2-1/2


[Site "https://www.chess.com"]

[Event "Titled Tuesday Blitz March 21 Late 2023"]
[White "Mustafayev, Farid"]
[Black "Dardha, Daniel"]
[WhiteFideId "13408771"]
[BlackFideId "240990"]
[WhiteElo "2269"]
[BlackElo "2581"]
[Result "0-1"]
[Round "02"]
[TimeControl "180+2"]
[Date "2023.03.21"]
[WhiteClock "0:00:11"]
[BlackClock "0:00:35"]

1. c4 b6 2. Nc3 Bb7 3. e3 f5 4. Nf3 Nf6 5. g3 e6 6. Bg2 Bb4 7. O-O Bxc3 8. bxc3 O-O 9. Rb1 d6 10. d3 Qe8 11. a4 a5 12. Nd4 Bxg2 13. Kxg2 Nc6 14. Nb5 Qf7 15. d4 Rad8 16. Ba3 e5 17. Qf3 e4 18. Qxf5 Ne7 19. Qh3 Qxc4 20. Bb2 Rd7 21. Na3 Qf7 22. c4 h5 23. d5 Ng4 24. Nc2 Nf5 25. Kg1 Qg6 26. Qg2 Re7 27. h3 Nf6 28. Bxf6 Rxf6 29. Rbd1 Qf7 30. Kh1 Nh4 31. gxh4 Rg6 32. Nd4 Rxg2 33. Kxg2 Qf6 34. Kh2 Rf7 35. Ne2 Qxh4 36. Ng3 Rf3 37. Rd4 Qf6 38. Nxe4 Qf5 39. Ng3 Rxf2+ 40. Kg1 Rxf1+ 41. Nxf1 Qxh3 42. Rf4 g5 43. Rf2 Qd7 44. Ng3 Qg4 45. Kh2 h4 46. Nf5 Qxc4 47. Rg2 Kf7 48. Rxg5 Kf6 49. Rh5 Qe2+ 0-1


[Site "https://www.chess.com"]

[Event "Titled Tuesday Blitz March 21 Late 2023"]
[White "Durarbayli, Vasif"]
[Black "Lamard, Guillaume"]
[WhiteFideId "13402935"]
[BlackFideId "600261"]
[WhiteElo "2543"]
[BlackElo "2413"]
[Result "1-0"]
[Round "02"]
[TimeControl "180+2"]
[Date "2023.03.21"]
[WhiteClock "0:00:05"]
[BlackClock "0:00:02"]

1. e4 c6 2. d4 d5 3. exd5 cxd5 4. c4 Nf6 5. Nc3 Nc6 6. Nf3 Bg4 7. cxd5 Nxd5 8. Qb3 Bxf3 9. gxf3 e6 10. Qxb7 Nxd4 11. Bb5+ Nxb5 12. Qc6+ Ke7 13. Qc5+ Nd6 14. Nxd5+ exd5 15. O-O Qd7 16. Bf4 Rc8 17. Qxd5 Kd8 18. Rfd1 Rc6 19. b4 Be7 20. b5 Rb6 21. a4 g5 22. Bg3 Re8 23. Rac1 Bf8 24. Rc6 Rxc6 25. bxc6 Qe6 26. Qa5+ Kc8 27. Qa6+ Kd8 28. Qa5+ Kc8 29. Qxa7 Rd8 30. Rb1 1-0


[Site "https://www.chess.com"]

[Event "Titled Tuesday Blitz March 21 Late 2023"]
[White "Movahed, Sina"]
[Black "Krallis, Christos"]
[WhiteFideId "42520835"]
[BlackFideId "4298896"]
[WhiteElo "2225"]
[BlackElo "2243"]
[Result "1-0"]
[Round "02"]
[TimeControl "180+2"]
[Date "2023.03.21"]
[WhiteClock "0:00:29"]
[BlackClock "0:00:10"]

1. e4 e5 2. Nf3 Nc6 3. Bb5 a6 4. Ba4 Nf6 5. O-O b5 6. Bb3 Be7 7. c3 O-O 8. d4 d6 9. h3 Bb7 10. Re1 Nd7 11. a4 exd4 12. cxd4 Bf6 13. Nc3 bxa4 14. Rxa4 Nb6 15. Ra3 Na7 16. Ra5 Nc6 17. Rf5 g6 18. Rf4 Bg7 19. Ng5 d5 20. Nxd5 Na5 21. Nxb6 Nxb3 22. Qxb3 cxb6 23. Rxf7 Rxf7 24. Qxf7+ Kh8 25. Qxb7 1-0


[Site "https://www.chess.com"]

[Event "Titled Tuesday Blitz March 21 Late 2023"]
[White "benny_aizenberg"]
[Black "Yeletsky, Ivan"]
[BlackFideId "24180327"]
[WhiteElo "2607"]
[BlackElo "2414"]
[Result "1-0"]
[Round "02"]
[TimeControl "180+2"]
[Date "2023.03.21"]
[WhiteClock "0:01:03"]
[BlackClock "0:00:39"]

1. e4 g6 2. h4 Nf6 3. e5 Nh5 4. g4 Ng7 5. h5 gxh5 6. gxh5 d6 7. h6 Ne6 8. exd6 exd6 9. d4 d5 10. Nc3 c6 11. Nf3 Bd6 12. Bh3 Na6 13. Be3 Nf4 14. Bxc8 Qxc8 15. Bxf4 Bxf4 16. Qe2+ Kd8 17. Kf1 Qf5 18. Re1 Nc7 19. Qe7+ Kc8 20. Ne5 Bxe5 21. Rxe5 Qf4 22. Ne2 Qf3 23. Rh4 Rg8 24. Re3 Qg2+ 25. Ke1 b6 26. Qxf7 Kb7 27. Re7 Rgc8 28. Qxh7 Qg5 29. Rf4 Re8 30. Rxc7+ Ka6 31. Qd3+ Ka5 32. c3 b5 33. Rxc6 a6 34. b4+ 1-0


[Site "https://www.chess.com"]

[Event "Titled Tuesday Blitz March 21 Late 2023"]
[White "Costachi, Mihnea"]
[Black "Sivakumar, Shaaketh"]
[WhiteFideId "1217518"]
[BlackFideId "30940176"]
[WhiteElo "2456"]
[BlackElo "2174"]
[Result "1-0"]
[Round "02"]
[TimeControl "180+2"]
[Date "2023.03.21"]
[WhiteClock "0:02:09"]
[BlackClock "0:02:46"]

1. d4 e6 2. c4 b6 3. e4 Bb4+ 4. Bd2 Bxd2+ 5. Qxd2 d5 6. cxd5 exd5 7. e5 Ne7 8. Bd3 c5 9. Nf3 Bf5 10. O-O Bxd3 11. Qxd3 Nbc6 12. Nc3 c4 13. Qd2 Qd7 14. b3 cxb3 15. axb3 Na5 16. b4 Nb3 17. Qg5 Nxa1 18. Rxa1 O-O 19. Ne2 Qf5 20. Qxe7 Rfc8 21. h3 Qd3 22. Ng3 a5 23. bxa5 bxa5 24. e6 fxe6 25. Qxe6+ Kh8 26. Ne5 Qc3 27. Nf7+ Kg8 28. Nh6+ Kh8 29. Qg8+ Rxg8 30. Nf7# 1-0


[Site "https://www.chess.com"]

[Event "Titled Tuesday Blitz March 21 Late 2023"]
[White "Seemann, Jakub"]
[Black "Rasulov, Vugar"]
[WhiteFideId "21874697"]
[BlackFideId "13402390"]
[WhiteElo "2364"]
[BlackElo "2509"]
[Result "0-1"]
[Round "02"]
[TimeControl "180+2"]
[Date "2023.03.21"]
[WhiteClock "0:00:01"]
[BlackClock "0:00:39"]

1. e4 c5 2. Nf3 Nc6 3. Bb5 g6 4. O-O Bg7 5. c3 Nf6 6. d4 O-O 7. d5 Nb8 8. e5 Ng4 9. Bf4 d6 10. exd6 exd6 11. h3 Nf6 12. c4 a6 13. Ba4 Nh5 14. Bg5 Qb6 15. Nbd2 Bd7 16. Bc2 a5 17. Rb1 Na6 18. a3 Rfe8 19. Ne4 f5 20. Nc3 Qc7 21. Qd2 Nf6 22. Bh6 Re7 23. Bxg7 Kxg7 24. Rfe1 Rae8 25. Qf4 Rxe1+ 26. Rxe1 Rxe1+ 27. Nxe1 Be8 28. Qe3 Kf8 29. Nf3 Qe7 30. Qh6+ Kg8 31. Kh2 Nc7 32. Qf4 b5 33. cxb5 Nxb5 34. Nxb5 Bxb5 35. Ng5 Nxd5 36. Bb3 Bc6 37. Qd2 Kg7 38. Bxd5 Qe5+ 39. g3 Qxd5 40. Qc3+ Kg8 41. f3 h6 42. Qf6 Qd2+ 43. Kg1 Qxg5 44. Qe6+ Kg7 45. Qxd6 Qe3+ 0-1


[Site "https://www.chess.com"]

[Event "Titled Tuesday Blitz March 21 Late 2023"]
[White "Drygalov, Andrey"]
[Black "Thomforde-Toates, Noah"]
[WhiteFideId "24171735"]
[BlackFideId "30951992"]
[WhiteElo "2471"]
[BlackElo "2603"]
[Result "1-0"]
[Round "02"]
[TimeControl "180+2"]
[Date "2023.03.21"]
[WhiteClock "0:00:14"]
[BlackClock "0:00:22"]

1. e4 c5 2. Nf3 g6 3. d4 cxd4 4. Nxd4 Bg7 5. c4 Nc6 6. Be3 Nf6 7. Nc3 Ng4 8. Qxg4 Nxd4 9. Qd1 e5 10. Bd3 O-O 11. O-O d6 12. Ne2 Be6 13. Nxd4 exd4 14. Bf4 Qb6 15. b3 a5 16. Rb1 Qc5 17. Qd2 Rfd8 18. Bh6 Bh8 19. Rfc1 b6 20. Qg5 Bg7 21. Qd2 Bh8 22. Rd1 Bf6 23. Bf4 Bg7 24. a4 Rf8 25. f3 f5 26. Bg3 fxe4 27. Bxe4 Rad8 28. Rbc1 Qh5 29. Bd3 Bh6 30. f4 Bf5 31. Rf1 Bg7 32. Rce1 Rde8 33. Be2 Bg4 34. Bd3 Bf5 35. Bxf5 Qxf5 36. h3 d3 37. Rd1 Bd4+ 38. Bf2 Re2 39. Qxd3 Rxf2 40. Qxd4 Rxf1+ 41. Rxf1 Qc2 42. Qd5+ Kg7 43. Qd4+ Kg8 44. Qxb6 Re8 45. Qxa5 Re2 46. Qd5+ Kg7 47. Qd4+ Kh6 48. Qd5 Kg7 49. f5 gxf5 50. Qd4+ Kg6 51. Qxd6+ Kg5 52. Qd5 h5 53. Qf3 h4 54. a5 Qe4 55. Qxe4 fxe4 56. Ra1 Kf4 57. a6 Kg3 58. a7 Rxg2+ 59. Kf1 Rf2+ 60. Ke1 Rg2 61. a8=Q Rg1+ 62. Ke2 Rg2+ 63. Ke3 Rf2 64. Qb8+ Kg2 65. Qg8+ Kh2 66. Kxf2 e3+ 67. Kf3 e2 68. Qg2# 1-0


[Site "https://www.chess.com"]

[Event "Titled Tuesday Blitz March 21 Late 2023"]
[White "Di Berardino, Diego Rafael"]
[Black "Baskakov, Egor"]
[WhiteFideId "2105446"]
[BlackFideId "24197866"]
[WhiteElo "2432"]
[BlackElo "2212"]
[Result "1/2-1/2"]
[Round "02"]
[TimeControl "180+2"]
[Date "2023.03.21"]
[WhiteClock "0:00:03"]
[BlackClock "0:00:06"]

1. e4 c5 2. Nf3 Nf6 3. Nc3 d5 4. Bb5+ Bd7 5. Bxd7+ Qxd7 6. Qe2 Nc6 7. d3 e6 8. O-O Nd4 9. Nxd4 cxd4 10. Nb1 dxe4 11. dxe4 Bc5 12. Bg5 h6 13. Bh4 Rc8 14. c3 Qc6 15. Bxf6 gxf6 16. cxd4 Bxd4 17. Nc3 Bxc3 18. bxc3 Ke7 19. a4 b6 20. g3 Qxc3 21. Rfb1 Rhd8 22. a5 Rd2 23. Qf1 Qd4 24. axb6 axb6 25. Ra7+ Kf8 26. Ra3 Rcc2 27. Rf3 Kg7 28. Re1 b5 29. Rf4 Qe5 30. Qh3 h5 31. Rf1 b4 32. Rh4 Kg6 33. g4 Rc3 34. gxh5+ Kh6 35. Qg2 Rdc2 36. Rg4 Rc1 37. Rg6+ Kh7 38. Rg7+ Kh6 39. Rg6+ Kh7 40. Rg7+ Kh6 41. Rg6+ 1/2-1/2


[Site "https://www.chess.com"]

[Event "Titled Tuesday Blitz March 21 Late 2023"]
[White "Ozates, Tuna"]
[Black "Perez Ponsa, Federico"]
[WhiteFideId "6354521"]
[BlackFideId "117927"]
[WhiteElo "2151"]
[BlackElo "2592"]
[Result "0-1"]
[Round "02"]
[TimeControl "180+2"]
[Date "2023.03.21"]
[WhiteClock "0:00:12"]
[BlackClock "0:01:06"]

1. e4 c5 2. Nf3 d6 3. Bb5+ Nd7 4. O-O a6 5. Bd3 Ngf6 6. c3 b5 7. Re1 Bb7 8. Bc2 c4 9. d4 cxd3 10. Bxd3 g6 11. a4 bxa4 12. c4 Bg7 13. Nc3 Nc5 14. Bc2 O-O 15. Nd4 Rb8 16. f3 Qb6 17. Kh1 Rfc8 18. Nxa4 Nxa4 19. Rxa4 Nxe4 20. Bxe4 Qxd4 21. Qxd4 Bxd4 22. Bxb7 Rxb7 23. Rxa6 Rxc4 24. Bh6 Rc8 25. Bg5 f6 26. Bf4 Bxb2 27. h3 Be5 28. Bxe5 fxe5 29. Ra2 Rbc7 30. Kg1 Rc1 31. Rxc1 Rxc1+ 32. Kf2 Kg7 33. h4 h6 34. g3 g5 35. hxg5 hxg5 36. Rd2 Rc4 37. Ke3 Kf6 38. g4 Ke6 39. Ra2 Rc3+ 40. Ke2 Kf6 41. Ra6 e4 42. fxe4 Ke5 43. Ra5+ Kxe4 44. Rxg5 e5 45. Rg6 d5 46. g5 Rc2+ 47. Kd1 Rg2 48. Rg8 d4 49. g6 Kd3 50. Ke1 e4 51. g7 e3 52. Kf1 Rg6 0-1


[Site "https://www.chess.com"]